 Dungeon Crawl Stone Soup version 0.14-a0-1330-g3eed206 (webtiles) character file.

386 PolkaDot the Skirmisher (level 5, -5/43 HPs)
             Began as a Vampire Death Knight on Dec 6, 2013.
             Was a Believer of Yredelemnul.
             Killed by divine providence
             ... invoked by an orc priest
              (14 damage)
             ... on Level 4 of the Dungeon.
             The game lasted 00:09:47 (3088 turns).

PolkaDot the Skirmisher (Vampire Death Knight)      Turns: 3088, Time: 00:09:50

HP  -5/43        AC  3     Str 17      XL: 5   Next: 97%
MP   6/6         EV 12     Int 13      God: Yredelemnul [**....]
Gold 123         SH  0     Dex 14      Spells:  0 memorised,  4 levels left

rFire  . . .     SeeInvis +     c - +0,+2 orc short sword (venom)
rCold  . . .     Clarity  .     b - +0 leather armour
rNeg   + . .     Conserve .     (no shield)
rPois  +         rCorr    .     (no helmet)
rElec  .         rRot     .     (no cloak)
SustAb . .       Spirit   .     (no gloves)
rMut   .         Warding  .     (no boots)
Saprov . . .     Stasis   .     (no amulet)
                                p - ring of protection from magic {unknown}
                                g - ring of poison resistance

@: invisible, mighty, quite resistant to hostile enchantments, unstealthy
A: fangs 3, see invisible, unbreathing
a: Bat Form, Animate Remains, Recall Undead Slaves, Injury Mirror, Renounce
Religion


You were on level 4 of the Dungeon.
You worshipped Yredelemnul.
Yredelemnul was pleased with you.
You were not thirsty.

You visited 1 branch of the dungeon, and saw 4 of its levels.

You collected 123 gold pieces.

Inventory:

Hand weapons
 c - a +0,+2 orcish short sword of venom (weapon)
 o - a cursed -1,+0 short sword
Armour
 b - a +0 leather armour (worn)
Magical devices
 s - a wand of lightning (4)
Scrolls
 a - 2 scrolls of fog
 d - a scroll of remove curse
 f - a scroll of amnesia
 h - a scroll of blinking
 n - a scroll of curse jewellery {unknown}
Jewellery
 g - a ring of poison resistance (left hand)
 k - an uncursed ring of protection from cold {unknown}
 p - a ring of protection from magic (right hand) {unknown}
 r - an uncursed ring of ice {unknown}
Potions
 e - 2 potions of paralysis
 j - a potion of brilliance


   Skills:
 - Level 4.7 Fighting
 + Level 3.3 Short Blades
 - Level 0.7 Armour
 + Level 2.9 Dodging
 - Level 2.4 Invocations


You had 4 spell levels left.
You didn't know any spells.

Dungeon Overview and Level Annotations

Branches:
Dungeon (4/16)
 Temple: D:4-7

Altars:


Innate Abilities, Weirdness & Mutations

You have razor-sharp teeth.*
You have supernaturally acute eyesight.
You can survive without breathing.*


Message History

You kill the orc!
Yredelemnul accepts your kill. The bat hits you but does no damage.
Drink which item? (? for menu, Esc to quit)
You feel very mighty all of a sudden.
It was a potion of might.
The orc priest looks more healthy.
The bat hits you.
* * * LOW HITPOINT WARNING * * *
Drink which item? (? for menu, Esc to quit)
You feel slightly irritated.
You feel slightly more thirsty.
It was a potion of berserk rage.
The bat closely misses you.
The orc priest looks braver.
A gnoll comes into view. It is wielding an orcish dagger.
Drink which item? (? for menu, Esc to quit)
You fade into invisibility!
It was a potion of invisibility.
The bat hits you.
* * * LOW HITPOINT WARNING * * *
The orc priest mumbles some strange prayers to Beogh against you.
Something smites you!
You die...
Yredelemnul claims you as an undead slave.

# .# .# #####.#
..... #.b% #
#.o#######.###
######..##@........
...g....oogb........
........##.####...
######.###.# # #.
#.# #. #.# #. #.# #.
#.# .# . #.# >#..


You could see an orc priest, an orc wizard, a gnoll (wandering), a hobgoblin and
a bat.

Vanquished Creatures
  An orc priest (D:4)
  An orc wizard (D:4)
  A worker ant (D:3)
  Terence (D:3)
  6 adders
  A gnoll (D:3)
  2 worms
  6 giant geckos
  5 orcs
  6 bats
  3 giant cockroaches
  7 goblins
  7 hobgoblins
  6 kobolds
  2 giant newts
  5 jackals
  6 rats
66 creatures vanquished.

Vanquished Creatures (collateral kills)
  2 gnolls (D:3)
  A giant mite (D:3)
  An orc (D:3)
  A jackal (D:3)
5 creatures vanquished.

Vanquished Creatures (others)
  A worm zombie (D:4)
  A gnoll zombie (D:3)
2 creatures vanquished.

Grand Total: 73 creatures vanquished

Notes
Turn   | Place    | Note
--------------------------------------------------------------
     0 | D:1      | PolkaDot, the Vampire Death Knight, began the quest for the Orb.
     0 | D:1      | Reached XP level 1. HP: 16/16 MP: 1/1
   250 | D:1      | Reached XP level 2. HP: 17/23 MP: 2/2
   865 | D:2      | Reached skill level 3 in Fighting
   985 | D:2      | Reached XP level 3. HP: 16/29 MP: 4/4
  1716 | D:3      | Reached XP level 4. HP: 13/37 MP: 5/5
  1822 | D:3      | Acquired Yredelemnul's second power
  1822 | D:3      | Reached skill level 4 in Fighting
  2307 | D:3      | Reached XP level 5. HP: 41/43 MP: 6/6
  2402 | D:3      | Noticed Terence
  2412 | D:3      | Killed Terence
  3088 | D:4      | Killed from afar by an orc priest

Action                   |  1- 3 |  4- 6 || total
-------------------------+-------+-------++-------
Melee: Short sword       |   103 |   146 ||   249
Invok: Animate Remains   |     7 |    13 ||    20
Evoke: Wand              |       |     1 ||     1
  Use: Potion            |     2 |     5 ||     7
       Scroll            |     7 |     3 ||    10
 Stab: Sleeping          |     1 |       ||     1
